 Dungeon Crawl Stone Soup version 0.30-a0-1-g69b7b797bf (webtiles) character file.

Game seed: 15376292560782626266

26677 Murumi the Blocker (level 13, -6/78 (103) HPs)
             Began as a Formicid Fighter on Aug 19, 2022.
             Was the Champion of Okawaru.
             Killed from afar by Josephine (32 damage)
             ... with a ghostly fireball
             ... on level 4 of the Lair of Beasts.
             The game lasted 01:14:39 (18551 turns).

Murumi the Blocker (Formicid Fighter)              Turns: 18551, Time: 01:14:39

HP:   -6/78 (103)   AC: 21    Str: 28    XL:     13   Next: 60%
MP:   18/18         EV: 10    Int: 12    God:    Okawaru [******]
Gold: 531           SH: 21    Dex: 23    Spells: 12/12 levels left

rFire   . . .      SeeInvis +    q - +2 demon whip (venom)
rCold   + . .      Faith    .    K - +0 tower shield {rC+}
rNeg    . . .      Spirit   .    s - +5 chain mail of the Serpent {Will++ Dex+4}
rPois   +          Reflect  .    (helmet unavailable)
rElec   .          Harm     .    v - +1 cloak {rPois}
rCorr   .          Rampage  .    E - +0 pair of gloves
Will    +++..                    f - +0 pair of boots
Stlth   ..........               b - amulet of the acrobat
HPRegen 0.23/turn                D - +6 ring of dexterity
MPRegen 0.16/turn                y - +6 ring of strength

@: heavily drained
A: permanent stasis, dig shafts and tunnels, antennae 3, four strong arms
a: Dig, Shaft Self, Renounce Religion, Heroism, Finesse, Duel


You were on level 4 of the Lair of Beasts.
You worshipped Okawaru.
Okawaru was exalted by your worship.
You visited 3 branches of the dungeon, and saw 14 of its levels.
You also visited: Sewer and Ossuary.

You collected 1137 gold pieces.
You spent 606 gold pieces at shops.

Inventory:

Hand Weapons
 a - a +3 flail of draining
 q - a +2 demon whip of venom (weapon)
 A - a +0 giant spiked club
 H - a +0 dire flail
Missiles
 c - 16 boomerangs (quivered)
 u - 2 stones
 z - 3 javelins
 B - 3 throwing nets
Armour
 f - a +0 pair of boots (worn)
 s - the +5 chain mail of the Serpent (worn) {Will++ Dex+4}
   (You found it on level 4 of the Dungeon)

   Dex:       It affects your dexterity (+4).
   Will:      It greatly increases your willpower.
 v - a +1 cloak of poison resistance (worn)
 E - a +0 pair of gloves (worn)
 K - a +0 tower shield of cold resistance (worn)
Jewellery
 b - an amulet of the acrobat (around neck)
 k - a ring of fire
 y - a +6 ring of strength (right hand)
 D - a +6 ring of dexterity (left hand)
 F - a ring of ice
Wands
 o - a wand of polymorph (17)
 p - a wand of roots (5)
 J - a wand of quicksilver (8)
Scrolls
 x - 4 scrolls of silence
Potions
 d - 4 potions of might
 e - 5 potions of curing
 g - 2 potions of mutation {unknown}
 h - 2 potions of cancellation
 i - 10 potions of brilliance
 j - 3 potions of flight
 l - 2 potions of magic
 m - 3 potions of attraction
 n - 3 potions of ambrosia
 r - 6 potions of heal wounds
 t - 2 potions of resistance
 w - 3 potions of lignification
 G - a potion of invisibility


   Skills:
 + Level 10.3 Fighting
 - Level 9.0 Maces & Flails
 - Level 9.0 Throwing
 - Level 10.0 Armour
 - Level 4.0 Dodging
 - Level 14.0 Shields
 - Level 7.0 Invocations
 - Level 6.0 Evocations


You had 12 spell levels left.
You didn't know any spells.
Your spell library contained the following spells:

 Spells                   Type           Power      Damage    Failure   Level
 Apportation              Tloc           0%         N/A       99%         1
 Freeze                   Ice            0%         1d3       99%         1
 Magic Dart               Conj           0%         1d3       99%         1
 Sting                    Tmut/Pois      0%         1d3       99%         1
 Poisonous Vapours        Pois/Air       0%         N/A       99%         2
 Static Discharge         Conj/Air       0%         3-3/arc   99%         2
 Frozen Ramparts          Ice            0%         1d1       100%        3
 Mephitic Cloud           Conj/Pois/Air  0%         N/A       100%        3
 Hailstorm                Conj/Ice       0%         3d3       100%        4
 Olgreb's Toxic Radiance  Pois           0%         N/A       100%        4
 Alistair's Intoxication  Tmut/Pois      0%         N/A       100%        5
 Lightning Bolt           Conj/Air       0%         1d11      100%        5
 Manifold Assault         Tloc           0%         N/A       100%        5
 Storm Form               Tmut/Air       0%         N/A       100%        7
 Maxwell's Capacitive Co  Air            0%         ∞         100%        8
 Blink                    Tloc           Unusable   N/A       N/A         2
 Call Imp                 Summ           Unusable   N/A       N/A         2

Dungeon Overview and Level Annotations

Branches:
Dungeon (9/15)             Temple (1/1) D:4            Lair (4/5) D:9
 Shoals (0/4) Lair:3        Snake (0/4) Lair:3        Sewer (visited)
Ossuary (visited)
  Slime: Lair:4-5       Orc: D:9-12

Altars:
Ashenzari
Cheibriados
Dithmenos
Elyvilon
Fedhas
Gozag
Hepliaklqana
Kikubaaqudgha
Makhleb
Nemelex Xobeh
Okawaru
Qazlal
Ru
Sif Muna
Trog
Uskayaw
Vehumet
Wu Jian
Xom
Yredelemnul
Zin
The Shining One

Shops:
D:4 [   D:8 *   D:9 [=([

Annotations:
Lair:4 Josephine


Innate Abilities, Weirdness & Mutations

You cannot be hasted, slowed, berserked, paralysed or teleported.
You can dig through walls and to a lower floor.
You have a pair of large antennae on your head. (SInv)
Your four strong arms can wield two-handed weapons with a shield.


Message History

You start resting.
You sense a monster nearby.
You start resting.
A wraith is nearby!
You retract your mandibles.
You hit the wraith but do no damage. You barely miss Josephine.
Josephine is lightly wounded.
You closely miss Josephine.
Josephine is lightly wounded.
You block Josephine's attack.
You closely miss Josephine.
Josephine is lightly wounded.
You block Josephine's attack.
You whack Josephine!
Josephine is poisoned.
Josephine is moderately wounded.
Josephine gestures at you while chanting.
The ghostly flame explodes!
The ghostly fireball engulfs you!
You feel drained.
The ghostly fireball engulfs Josephine.
Josephine completely resists.
You whack Josephine!
Josephine is heavily wounded.
You block Josephine's attack.
You hit Josephine.
Josephine looks as sick as possible!
Josephine is severely wounded.
Josephine draws life force from you!!
Josephine is healed by the life force!
You are too injured to fight recklessly!
You hit Josephine but do no damage.
Josephine looks as sick as possible!
Josephine is heavily wounded.
Josephine hits you but does no damage.
You barely miss Josephine.
Josephine is heavily wounded.
Josephine seems less brilliant.
Josephine hits you but does no damage.
You thrash Josephine!!
Josephine looks as sick as possible!
Josephine is severely wounded.
Josephine drinks a potion.
Josephine's spells are empowered!
You hit Josephine.
Josephine looks as sick as possible!
Josephine is severely wounded.
Josephine gestures at you while chanting.
The ghostly flame explodes!
The ghostly fireball engulfs you!!
You feel drained.
You die...

##.####.P....##. . ...#
#...........###. ##.##..##
#...........# ..
#..#....####..####.........
#......#P#P..# #.####...
.............## ### #..
.....##.#...# ..
#..#@####.# #.{W#@###.#
#.{{####..# #..{{{.#..#
#.......#.##.. #
#.J............
#.###.#.##........
#......##.#........
#...........#......
#.......#.####.##...


You could see Josephine (empowered, extremely poisoned).

Vanquished Creatures
  The ghost of Qatafuk the Summoner, a journeyman OpSu of Gozag (Lair:3)
  3 hydras
  A catoblepas (Lair:4)
  2 two-headed ogres
  A death yak (D:9)
  Nergalle (Lair:2)
  Amaemon (Lair:1)
  The ghost of Stonecrops the Trooper, a novice DsGl of Okawaru (D:8)
  Pikel (D:4)
  2 merfolk sirens (Lair:3)
  A gargoyle (D:9)
  An orange demon (Lair:1)
  7 cane toads
  Maggie (D:6)
  4 komodo dragons
  2 hornets (Lair:3)
  2 merfolk (Lair:3)
  A queen bee (Lair:3)
  Grinder (D:3)
  Prince Ribbit (D:8)
  3 blink frogs (Lair:2)
  A dream sheep (shapeshifter) (D:8)
  6 dream sheep (Lair:3)
  Sigmund (D:1)
  A shadow (D:9)
  5 wyverns
  29 yaks
  2 basilisks
  A wraith (Lair:4)
  An unseen horror simulacrum (D:9)
  Grum (Lair:1)
  Menkaure (D:5)
  Edmund (D:5)
  3 nagas (Lair:3)
  Duvessa (D:4)
  6 water moccasins
  Pargi (Sewer)
  3 black bears
  An orc warrior (D:9)
  6 ice beasts
  2 sky beasts (D:6)
  2 centaurs
  3 ogres (D:6)
  2 lemures (D:3)
  6 wolves
  2 phantoms (D:6)
  A kobold brigand (D:8)
  Blork the orc (D:4)
  7 bullfrogs
  A scorpion (D:4)
  A necrophage (D:5)
  2 gnoll sergeants
  4 wights (D:8)
  Dowan (D:4)
  8 killer bees
  A howler monkey (D:4)
  A jelly (D:7)
  3 orc priests (D:5)
  5 hounds
  A gnoll bouda (D:9)
  Jessica (D:3)
  Ijyb (D:3)
  Terence (D:2)
  An iguana (D:6)
  8 orc wizards
  A centaur simulacrum (D:9)
  8 mummies (Ossuary)
  19 gnolls
  10 adders
  A river rat (D:4)
  3 shadow imps
  A howler monkey simulacrum (D:9)
  4 white imps
  An ufetubus (D:9)
  3 worms
  4 dart slugs
  26 orcs
  5 bats
  7 endoplasms
  8 giant cockroaches
  2 gnoll zombies (Ossuary)
  6 goblins
  5 hobgoblins
  4 jackals (D:1)
  5 quokkas
  3 ball pythons
  4 frilled lizards
  2 hobgoblin zombies (Ossuary)
  10 kobolds
  A kobold zombie (Ossuary)
  3 orc zombies (Ossuary)
  3 rats
  A bush (D:2)
325 creatures vanquished.

Vanquished Creatures (others)
  A rat (D:2)
  11 fungi
  4 plants
16 creatures vanquished.

Grand Total: 341 creatures vanquished

Notes
Turn   | Place    | Note
-------+----------+-------------------------------------------
     0 | D:1      | Murumi the Formicid Fighter began the quest for the Orb.
     0 | D:1      | Reached XP level 1. HP: 18/18 MP: 1/1
   119 | D:1      | Reached XP level 2. HP: 25/25 MP: 2/2
   713 | D:1      | Reached XP level 3. HP: 25/30 MP: 3/3
  1048 | D:2      | Noticed Sigmund
  1070 | D:1      | Killed Sigmund
  1071 | D:1      | Reached skill level 1 in Dodging
  1071 | D:1      | Reached skill level 5 in Shields
  1071 | D:1      | Reached skill level 6 in Shields
  1071 | D:1      | Reached XP level 4. HP: 11/37 MP: 4/4
  1071 | D:1      | Reached XP level 5. HP: 12/42 MP: 5/5
  1071 | D:1      | Reached XP level 6. HP: 14/48 MP: 6/6
  1333 | D:2      | Noticed Terence
  1348 | D:2      | HP: 2/48 [constriction (5)]
  1358 | D:2      | Killed Terence
  1367 | D:2      | HP: 2/48 [kobold/+0 short sword (3)]
  1764 | D:2      | Found a faded altar of an unknown god.
  2236 | D:3      | Noticed Ijyb
  2246 | D:3      | Killed Ijyb
  2449 | D:3      | Noticed Grinder
  2687 | D:3      | Killed Grinder
  2688 | D:3      | Reached skill level 5 in Armour
  2688 | D:3      | Reached skill level 1 in Evocations
  2688 | D:3      | Reached XP level 7. HP: 23/54 MP: 7/7
  2936 | D:3      | Reached skill level 7 in Shields
  3278 | D:3      | Noticed Jessica
  3295 | D:3      | Killed Jessica
  3413 | D:4      | Noticed Pikel
  3702 | D:4      | Identified the +5 chain mail of the Serpent {Will++ Dex+4}
  3714 | D:4      | Noticed Blork the orc
  3729 | D:4      | Killed Blork the orc
  3730 | D:4      | Reached skill level 5 in Fighting
  3797 | D:4      | Reached XP level 8. HP: 46/62 MP: 8/8
  3836 | D:4      | Found a glowing drain.
  3840 | Sewer    | Entered a sewer
  3983 | Sewer    | Noticed Pargi
  4001 | Sewer    | Killed Pargi
  4002 | Sewer    | Reached skill level 8 in Shields
  4198 | D:4      | Found Uhimmekh's Antique Armour Boutique.
  4206 | D:4      | Bought a cloak for 108 gold pieces
  4246 | D:4      | Killed Pikel
  4247 | D:4      | Reached skill level 5 in Maces & Flails
  4461 | D:4      | Found a blossoming altar of Fedhas.
  4617 | D:4      | Found a staircase to the Ecumenical Temple.
  4640 | Temple   | Entered the Ecumenical Temple
  4829 | Temple   | Became a worshipper of Warmaster Okawaru
  4894 | D:4      | Reached XP level 9. HP: 69/69 MP: 9/9
  4989 | D:4      | Noticed Duvessa
  4989 | D:4      | Noticed Dowan
  5025 | D:4      | Killed Duvessa
  5034 | D:4      | Killed Dowan
  5035 | D:4      | Reached skill level 9 in Shields
  5035 | D:4      | Reached skill level 1 in Invocations
  5340 | D:5      | Entered Level 5 of the Dungeon
  5489 | D:5      | Found a sand-covered staircase.
  5494 | Ossuary  | Entered an ossuary
  6281 | D:5      | Noticed Menkaure
  6296 | D:5      | Killed Menkaure
  6707 | D:5      | Noticed Edmund
  6725 | D:5      | Killed Edmund
  7337 | D:6      | Reached * piety under Okawaru
  7420 | D:6      | Noticed Maggie
  7440 | D:6      | Killed Maggie
  7538 | D:6      | Reached XP level 10. HP: 72/79 MP: 13/13
  7684 | D:6      | Reached skill level 10 in Shields
  7690 | D:6      | Reached ** piety under Okawaru
  9215 | D:7      | Reached *** piety under Okawaru
  9226 | D:7      | Reached skill level 5 in Invocations
 10223 | D:8      | Found Salegh's General Store.
 10223 | D:8      | Found a runed translucent gate.
 10240 | D:8      | Reached skill level 11 in Shields
 10240 | D:8      | Reached skill level 1 in Throwing
 10258 | D:8      | Bought a scroll of identify for 28 gold pieces
 10258 | D:8      | Bought a potion of invisibility for 112 gold pieces
 10258 | D:8      | Bought a potion of heal wounds for 70 gold pieces
 10437 | D:8      | Found the +8 trishula "Condemnation" {holy, anguish, *Noise
                  | Fly rN+}
 10467 | D:8      | Noticed Prince Ribbit
 10478 | D:8      | Killed Prince Ribbit
 10479 | D:8      | Reached XP level 11. HP: 80/86 MP: 14/14
 10577 | D:8      | Reached **** piety under Okawaru
 10715 | D:8      | Received a gift from Okawaru
 10762 | D:8      | Found an opulent altar of Gozag.
 10763 | D:8      | Found a runed translucent gate.
 10763 | D:8      | Found a runed translucent gate.
 10764 | D:8      | Noticed Stonecrops's ghost (novice DsGl)
 10764 | D:8      | Noticed a two-headed ogre
 11063 | D:8      | Noticed a steelbarb worm
 11066 | D:8      | a steelbarb worm changed into a dream sheep
 11087 | D:8      | Killed a two-headed ogre
 11088 | D:8      | Reached skill level 5 in Throwing
 11119 | D:8      | Killed Stonecrops's ghost
 11272 | D:9      | Found Couhiviz's Armour Shop.
 11319 | D:9      | Found Vyobo's Jewellery Boutique.
 11380 | D:9      | Noticed a two-headed ogre
 11393 | D:9      | Killed a two-headed ogre
 11435 | D:9      | Reached ***** piety under Okawaru
 11466 | D:9      | Noticed a death yak
 11483 | D:9      | Killed a death yak
 11483 | D:9      | Received a gift from Okawaru
 11860 | D:9      | Bought a +0 pair of boots for 63 gold pieces
 12250 | D:9      | Found Umeoss's Weapon Shop.
 12432 | D:9      | Found Omiqoimau's Antique Armour Shop.
 12440 | D:9      | Bought a runed tower shield for 225 gold pieces
 12536 | D:9      | Found a staircase to the Lair.
 12623 | D:9      | Found Riet Kuh's Antique Weapon Boutique.
 12880 | Lair:1   | Entered Level 1 of the Lair of Beasts
 12881 | Lair:1   | Noticed Grum
 12899 | D:9      | Reached XP level 12. HP: 68/95 MP: 15/15
 13013 | Lair:1   | Killed Grum
 13270 | Lair:1   | Noticed a seven-headed hydra
 13279 | Lair:1   | Killed a seven-headed hydra
 13279 | Lair:1   | Received a gift from Okawaru
 13477 | Lair:1   | Found a sparkling altar of Nemelex Xobeh.
 14191 | Lair:1   | Noticed Amaemon
 14212 | Lair:1   | Killed Amaemon
 14213 | Lair:1   | Reached skill level 12 in Shields
 14919 | Lair:1   | Reached skill level 5 in Evocations
 15128 | Lair:2   | Noticed Nergalle
 15144 | Lair:2   | Killed Nergalle
 15263 | Lair:2   | Reached skill level 10 in Fighting
 15502 | Lair:2   | Received a gift from Okawaru
 15525 | Lair:2   | Reached skill level 10 in Armour
 15928 | Lair:2   | Noticed a four-headed hydra
 15937 | Lair:2   | Killed a four-headed hydra
 15937 | Lair:2   | Reached ****** piety under Okawaru
 15937 | Lair:2   | Identified the +3 kite shield "Qecin" {Dex+2} (Okawaru
                  | gifted it to you on level 2 of the Lair of Beasts)
 15937 | Lair:2   | Received a gift from Okawaru
 16214 | Lair:2   | Noticed a five-headed hydra
 16228 | Lair:2   | Killed a five-headed hydra
 16229 | Lair:2   | Reached skill level 13 in Shields
 16405 | Lair:3   | Reached XP level 13. HP: 81/103 MP: 17/17
 16935 | Lair:3   | Found a transporter.
 16936 | Lair:3   | Found a transporter.
 16937 | Lair:3   | Noticed Qatafuk's ghost (journeyman OpSu)
 17587 | Lair:3   | Reached skill level 14 in Shields
 17657 | Lair:3   | Found a staircase to the Snake Pit.
 17776 | Lair:3   | Found a staircase to the Shoals.
 18188 | Lair:3   | Killed Qatafuk's ghost
 18188 | Lair:3   | Received a gift from Okawaru
 18259 | Lair:4   | Noticed a catoblepas
 18269 | Lair:4   | Killed a catoblepas
 18361 | Lair:4   | Received a gift from Okawaru
 18523 | Lair:4   | Noticed Josephine
 18551 | Lair:4   | Killed from afar by Josephine

Illustrated notes

Levels and vault maps discovered:
D:1:      minmay_arrival_plants_in_alcoves, layout_basic, minivault_23
D:2:      layout_rooms, serial_forest, infiniplex_forest_clump_tiny,
          infiniplex_forest_clump_small, infiniplex_forest_lined_room_2,
          infiniplex_forest_end_1, infiniplex_forest_lined_1,
          infiniplex_forest_split, hellmonk_ecumenical_altar_heavens_door,
          uniq_terence, uniq_sigmund
D:3:      layout_loops_ring, minmay_unequal, uniq_grinder, uniq_ijyb,
          uniq_jessica
D:4:      layout_gridville, fedhas_ov_isle_minmay,
          minmay_temple_entry_drinking_statues, serial_shops,
          nicolae_shop_overgrown_old_shop, gup_sewer_entry_spiral,
          kennysheep_generic_room_14, uniq_blork_the_orc, uniq_duvessa,
          uniq_pikel
D:5:      layout_loops_ring, nicolae_ossuary_entry_false_entrances,
          nicolae_eternal_life, minivault_26, uniq_edmund, uniq_menkaure
D:6:      layout_layer_cave, uniq_maggie
D:7:      layout_basic, dreamdust_gnoll_farm
D:8:      layout_loops_ring, serial_shops, nicolae_stop_n_shop_2,
          ebering_ghost_gozag, uniq_prince_ribbit1
D:9:      layout_loops_ring, david_lair_generic, serial_shops,
          nicolae_square_shop, shop, nicolae_stop_n_shop_1,
          nicolae_shop_overgrown_old_shop, nicolae_shop_stone, serial_ice,
          serial_ice_n, serial_ice_l, serial_ice_f, serial_ice_m
Temple:   kilobyte_greek_temple
Lair:1:   layout_layer_cave, basic_altar, lemuel_fruit_tree, uniq_amaemon,
          uniq_grum
Lair:2:   layout_cave_pods, ldierk_geyser, st_stairs_4, grunt_megastairs_3,
          infiniplex_staircase_pool_2, uniq_nergalle
Lair:3:   layout_chaotic_city, elwin_shoals_entry_stream,
          guppyfry_snake_entry_island, gammafunk_ghost_hive
Lair:4:   layout_loops_ring, nicolae_slime_entry_slimehenge,
          serial_bayou_shore_b, uniq_josephine

Skill      XL: |  1  2  3  4  5  6  7  8  9 10 11 12 13 |
---------------+----------------------------------------+-----
Fighting       | 4 5 6 7 8 9 10 | 10.3
Armour         | 4 5 6 7 8 9 10 | 10.0
Dodging        | 1 2 3 4 |  4.0
Maces & Flails | 3 4 5 6 7 8 9 |  9.0
Shields        | 6 7 8 9 11 13 14 | 14.0
Evocations     | 2 3 4 5 6 |  6.0
Invocations    | 4 5 6 7 |  7.0
Throwing       | 3 7 8 9 |  9.0

Action                   |  1- 3 |  4- 6 |  7- 9 | 10-12 | 13-15 || total
-------------------------+-------+-------+-------+-------+-------++-------
Melee: Flail             |    81 |   150 |   213 |   326 |       ||   770
       Unarmed           |       |     7 |       |       |       ||     7
       Whip              |       |       |   240 |       |       ||   240
       Dire flail        |       |       |       |    83 |       ||    83
       Demon whip        |       |       |       |   109 |   242 ||   351
 Fire: Sling             |       |     1 |       |       |       ||     1
Throw: Stone             |       |       |       |    57 |    19 ||    76
       Boomerang         |       |       |       |   142 |    52 ||   194
Invok: Heroism           |       |       |       |     1 |     1 ||     2
       Finesse           |       |       |       |     1 |     1 ||     2
 Abil: Dig               |       |       |     4 |     2 |     2 ||     8
  Use: Scroll            |     3 |     4 |    10 |    11 |     1 ||    29
       Potion            |       |     1 |     2 |       |       ||     3
 Stab: Distracted        |       |       |     1 |       |       ||     1
Armor: Scale mail        |    50 |    35 |     5 |       |       ||    90
       Skin              |       |     2 |       |       |       ||     2
       Plate armour      |       |       |    41 |       |       ||    41
       Chain mail        |       |       |   111 |   140 |     3 ||   254
       Swamp dragon scal |       |       |       |    34 |    24 ||    58
Dodge: Dodged            |    35 |    31 |   119 |   164 |    38 ||   387
Block: Buckler           |    21 |    22 |   131 |   102 |       ||   276
       Tower shield      |       |       |       |   208 |   124 ||   332

Table legend: (Time is in decaauts)
 A = Elapsed time spent in this place.
 B = Non-inter-level travel time spent in this place.
 C = Inter-level travel time spent in this place.
 D = Time resting spent in this place.
 E = Time spent auto-exploring this place.
 F = Levels seen in this place.
 G = Mean time per level.
                   A        B        C        D        E       F      G
               +--------+--------+--------+--------+--------+-----+--------+
         Total |  18644 |  16943 |   1701 |   1170 |  12536 |  16 | 1165.2 |
       Dungeon |  12288 |  10999 |   1289 |   1014 |   7696 |   9 | 1365.3 |
        Temple |    226 |    154 |     72 |      0 |    148 |   1 |  226.0 |
          Lair |   5303 |   4964 |    339 |    119 |   4164 |   4 | 1325.8 |
         Sewer |    327 |    327 |      0 |     27 |    213 |   1 |  327.0 |
       Ossuary |    499 |    499 |      0 |     10 |    315 |   1 |  499.0 |
               +--------+--------+--------+--------+--------+-----+--------+

Top non-repeatable levels by time:
  Lair:1: 1929 daAuts
     D:6: 1852 daAuts
     D:9: 1730 daAuts
  Lair:3: 1672 daAuts
     D:3: 1463 daAuts
     D:5: 1461 daAuts
  Lair:2: 1434 daAuts
     D:1: 1423 daAuts
     D:4: 1351 daAuts
     D:2: 1224 daAuts
     D:8: 1059 daAuts
     D:7: 721 daAuts
 Ossuary: 499 daAuts
   Sewer: 327 daAuts
  Lair:4: 266 daAuts
